AoeStats
← AiM | Facu1414

Arabia

507407431Analyzed
4v4 RM · 14d ago on Sep 18, 2026· 29m 6s· 8 players
Game mode
Random Map
Map size
Large (8 player)
Population
200
Speed
Normal
Resources
Standard
Victory
Conquest
Starting age
Dark Age
Ending age
Imperial Age
RankedLock teamsTeams togetherTeam positionsShared explorationLock speedFull tech treeHidden civsTurbo modeCheats
Victory
Defeat
🇨🇱 Maya · Chile
1537
+14
🇨🇱 Slavs · Chile
1492
+16
🇦🇷 Persians · Argentina
1490
+16
🇨🇱 Britons · Chile
1483
+16
🇦🇷 Magyars · Argentina
1629
-20
🇨🇱 Jurchens · Chile
1480
-15
🇦🇷 Maya · Argentina
1465
-15
🇲🇽 Britons · Mexico
1409
-12
EXILE | TimberLoroa
0:26 Loom
10:45 Feudal Age
11:14 Double-Bit Axe
13:02 Fletching
La Chepa Marina
5:27 Loom
9:36 Feudal Age
10:11 Double-Bit Axe
11:05 Loom
12:09 Scale Barding Armor
17:07 Forging
20:24 Bloodlines
EXILE | Obi
5:38 Loom
9:26 Feudal Age
16:05 Scale Barding Armor
18:18 Wheelbarrow
18:42 Bloodlines
23:03 Castle Age
21:16 Gold Mining
21:29 Horse Collar
23:26 Light Cavalry
24:33 Chain Barding Armor
EXILE | Mancoazteca
0:27 Loom
9:57 Feudal Age
12:46 Fletching
12:57 Padded Archer Armor
18:51 Horse Collar
24:18 Castle Age
24:35 Crossbowman
25:19 Bodkin Arrow
27:13 Ballistics
AiM | Kadrexgg
0:29 Loom
9:05 Feudal Age
12:11 Fletching
19:04 Padded Archer Armor
23:04 Castle Age
21:36 Gold Mining
22:44 Horse Collar
23:15 Crossbowman
23:53 Bodkin Arrow
25:51 Thumb Ring
28:42 Ballistics
29:13 Leather Archer Armor
AiM | sAREMS
6:28 Loom
8:42 Feudal Age
9:26 Double-Bit Axe
12:54 Fletching
21:20 Padded Archer Armor
25:45 Castle Age
23:42 Horse Collar
24:23 Gold Mining
25:48 Crossbowman
26:23 Bodkin Arrow
27:34 Ballistics
28:07 Leather Archer Armor
29:33 Bow Saw
30:01 Gold Shaft Mining
29:36 Heavy Plow
AiM | Facu1414
6:08 Loom
8:45 Feudal Age
9:13 Double-Bit Axe
13:42 Scale Barding Armor
13:54 Forging
14:19 Scale Barding Armor
18:02 Bloodlines
26:06 Castle Age
24:33 Gold Mining
25:53 Light Cavalry
26:56 Chain Barding Armor
27:11 Iron Casting
AiM | Shuffle
6:18 Loom
8:48 Feudal Age
9:29 Double-Bit Axe
9:54 Horse Collar
15:26 Scale Barding Armor
16:43 Bloodlines
17:45 Forging
24:33 Castle Age
23:54 Gold Mining
25:28 Wheelbarrow
25:22 Light Cavalry
26:43 Chain Barding Armor
26:45 Husbandry
28:27 Iron Casting
28:21 Bow Saw
Connection lost

Rejoining the realm…

Still unreachable

The connection could not be restored.

Session expired

The server has moved on; the page needs a fresh start.